 Dungeon Crawl Stone Soup version 0.24.1-14-gf8d2b509d9 (webtiles) character file.

Game seed: 5299021650966765511, levelgen mode: deterministic

298 Curus the Cleaver (level 6, -1/51 HPs)
             Began as a Minotaur Berserker on May 18, 2020.
             Was a Priest of Trog.
             Killed from afar by an electric eel (9 damage)
             ... with a bolt of electricity
             ... on level 6 of the Dungeon.
             The game lasted 00:16:03 (2715 turns).

Curus the Cleaver (Minotaur Berserker)              Turns: 2715, Time: 00:16:04

Health: -1/51      AC: 10    Str: 21    XL:     6   Next: 13%
Magic:  5/5        EV:  8    Int:  6    God:    Trog [***...]
Gold:   142        SH:  0    Dex: 10    Spells: 5/5 levels left

rFire    + . .     SeeInvis .   q - +0 war axe
rCold    . . .     Gourm    .   (no shield)
rNeg     . . .     Faith    .   h - +0 chain mail
rPois    .         Spirit   .   (helmet restricted)
rElec    .         Reflect  .   (no cloak)
rCorr    .         Harm     .   n - +1 pair of gloves
MR       ++...                  (no boots)
Stlth    ..........             (no amulet)
HPRegen  1.17/turn              g - ring of wizardry
MPRegen  0.09/turn              (no ring)

@: regenerating
A: retaliatory headbutt, horns 2, fire resistance 1, mutation resistance 1
a: Berserk, Trog's Hand, Renounce Religion


You were on level 6 of the Dungeon.
You worshipped Trog.
Trog was most pleased with you.
You were not hungry.

You visited 1 branch of the dungeon, and saw 4 of its levels.

You collected 142 gold pieces.

Inventory:

Hand Weapons
 a - a +1 hand axe
 q - a +0 war axe (weapon)
Armour
 b - a +0 animal skin
 f - a +0 leather armour
 h - a +0 chain mail (worn)
 n - a +1 pair of gloves (worn)
Jewellery
 g - a ring of wizardry (left hand)
Wands
 j - a wand of polymorph (28)
Scrolls
 e - 3 scrolls of remove curse
 m - a scroll of teleportation
 o - a scroll of enchant weapon
 p - 2 scrolls of identify
Potions
 d - 2 potions of curing
 i - a potion of flight
 l - 2 potions of brilliance
Comestibles
 c - 8 rations
 k - a chunk of flesh


   Skills:
 - Level 3.6 Fighting
 + Level 8.3 Axes
 - Level 2.4 Armour
 - Level 2.1 Dodging


You had 5 spell levels left.
You didn't know any spells.
Your spell library was empty.

Dungeon Overview and Level Annotations

Branches:
Dungeon (3/15)

Altars:


Innate Abilities, Weirdness & Mutations

You reflexively headbutt those who attack you in melee.
You have a pair of horns on your head.
Your flesh is heat resistant. (rF+)
You are somewhat resistant to further mutation.


Message History

An electric eel comes into view.
The electric eel shoots out a bolt of lightning at you!
The bolt of electricity hits you.
The electric eel shoots out a bolt of lightning at you!
The bolt of electricity hits you!
The electric eel shoots out a bolt of lightning at you!
The bolt of electricity hits you!
* * * LOW HITPOINT WARNING * * *
Your skin crawls.
You feel resistant to hostile enchantments.
You feel somewhat more hungry.
The electric eel shoots out a bolt of lightning at you!
The bolt of electricity hits you!
* * * LOW HITPOINT WARNING * * *
The electric eel shoots out a bolt of lightning at you!
The bolt of electricity hits you.
* * * LOW HITPOINT WARNING * * *
The electric eel shoots out a bolt of lightning at you!
The bolt of electricity hits you!
You die...

.≈≈≈≈≈≈.# #.
≈≈≈≈≈...###.###
≈≈≈≈≈..........
≈≈≈≈P≈........#
P≈≈≈≈........
P≈≈≈≈;.....#
≈≈≈P≈......#
≈≈≈.≈≈.@...#
≈≈P≈.......##
≈≈..........# ##
≈≈≈.........##.#
≈≈≈............#
≈≈...........###
≈≈≈≈≈..............#
≈≈≈................#
#≈≈≈...............##


You could see an electric eel.

Vanquished Creatures
  An ogre (D:3)
  An orc wizard (D:6)
  An iguana (D:6)
  A worker ant (D:3)
  A howler monkey skeleton (D:2)
  4 adders
  A shadow imp (D:6)
  3 worms
  2 dart slugs (D:1)
  A leopard gecko (D:6)
  5 orcs
  11 bats
  3 giant cockroaches
  6 goblins
  10 hobgoblins
  6 jackals
  A quokka (D:2)
  7 frilled lizards
  4 kobolds
  6 rats
75 creatures vanquished.

Notes
Turn   | Place    | Note
-------+----------+-------------------------------------------
     0 | D:1      | Curus the Minotaur Berserker began the quest for the Orb.
     0 | D:1      | Reached XP level 1. HP: 19/19 MP: 0/0
    89 | D:1      | Reached skill level 4 in Axes
   144 | D:1      | Reached XP level 2. HP: 26/26 MP: 1/1
   312 | D:1      | Reached skill level 5 in Axes
   414 | D:1      | Reached XP level 3. HP: 31/31 MP: 2/2
   687 | D:1      | Reached ** piety under Trog
  1310 | D:2      | Reached skill level 6 in Axes
  1310 | D:2      | Reached XP level 4. HP: 37/39 MP: 3/3
  1429 | D:2      | Found a faded altar of an unknown god.
  2022 | D:2      | Reached *** piety under Trog
  2409 | D:3      | Noticed an ogre
  2418 | D:3      | Killed an ogre
  2418 | D:3      | Reached skill level 7 in Axes
  2418 | D:3      | Reached XP level 5. HP: 28/45 MP: 4/4
  2470 | D:3      | Gained mutation: You are somewhat resistant to further
                  | mutation. [potion of mutation]
  2470 | D:3      | Gained mutation: Your flesh is heat resistant. (rF+)
                  | [potion of mutation]
  2565 | D:3      | You fall into a shaft and drop 3 floors!
  2598 | D:6      | Reached skill level 8 in Axes
  2600 | D:6      | Reached XP level 6. HP: 47/51 MP: 5/5
  2715 | D:6      | Killed from afar by an electric eel

Levels and vault maps discovered:
D:1:      dpeg_arrival_brainrot, layout_basic
D:2:      minmay_chambers_of_ones, layout_loops_cross,
          chequers_ecumenical_altar_simple_redux, first_ration
D:3:      layout_loops_corners
D:6:      layout_layer_cave, gammafunk_temple_overflow_elements,
          portal_sewer_entry_e, chequers_big_river

Skill      XL: |  1  2  3  4  5 |
---------------+----------------+-----
Axes           | 4 5 6 7 8 |  8.3
Fighting       | |  3.6
Armour         | |  2.4
Dodging        | |  2.1

Action                   |  1- 3 |  4- 6 || total
-------------------------+-------+-------++-------
Melee: Hand axe          |    78 |    81 ||   159
       Headbutt          |    10 |    14 ||    24
       War axe           |       |     3 ||     3
Invok: Trog's Hand       |       |     1 ||     1
  Use: Scroll            |     3 |     5 ||     8
       Potion            |     3 |     2 ||     5
  Eat: Chunk             |     1 |     5 ||     6
Armor: Animal skin       |    18 |       ||    18
       Leather armour    |    10 |     5 ||    15
       Chain mail        |       |    22 ||    22
Dodge: Dodged            |    48 |    35 ||    83
